 Dungeon Crawl Stone Soup version 0.30-a0-241-g1121274140 (webtiles) character file.

Game seed: 12450511541740655414

30 KennySheep the Insei (level 2, -1/22 HPs)
             Began as a Demigod Transmuter on Oct 10, 2022.
             Slain by a worm (5 damage)
             ... on level 2 of the Dungeon.
             The game lasted 00:02:36 (641 turns).

KennySheep the Insei (Demigod Transmuter)            Turns: 641, Time: 00:02:37

Health: -1/22      AC:  2    Str: 11    XL:     2   Next: 84%
Magic:  5/7        EV: 12    Int: 15    God:
Gold:   54         SH:  0    Dex: 14    Spells: 3/4 levels left

rFire   . . .      SeeInvis .      - Unarmed
rCold   . . .      Faith    .    (no shield)
rNeg    . . .      Spirit   .    a - +0 robe
rPois   .          Reflect  .    (helmet currently unavailable)
rElec   .          Harm     .    (no cloak)
rCorr   .          Rampage  .    (no gloves)
Will    .....                    (boots currently unavailable)
Stlth   +.........               (no amulet)
HPRegen 0.23/turn                (no ring)
MPRegen 0.10/turn                (no ring)

@: appendages, very slightly contaminated
A: horns 2, talons 2, high MP 1, forlorn, divine attributes
a: End Transformation


You were on level 2 of the Dungeon.
You had temporarily grown beastly horns and talons.
You visited 1 branch of the dungeon, and saw 2 of its levels.

You collected 54 gold pieces.

Inventory:

Missiles
 g - a throwing net
Armour
 a - a +0 robe (worn)
Scrolls
 c - a scroll of silence {unknown}
 d - 2 scrolls of identify {unknown}
 e - a scroll of poison {unknown}
 f - a scroll of teleportation {unknown}
Potions
 b - 3 potions of lignification


   Skills:
 - Level 0.8 Fighting
 - Level 1.7 Dodging
 - Level 2.6 Unarmed Combat
 - Level 1.7 Spellcasting
 + Level 2.5 Transmutations
 + Level 1.6 Poison Magic


You had 3 spell levels left.
You knew the following spells:

 Your Spells              Type           Power      Damage    Failure   Level
a - Beastly Appendage     Tmut           18%        N/A       8%          1

Your spell library contained the following spells:

 Spells                   Type           Power      Damage    Failure   Level
 Wereblood                Tmut           9%         N/A       12%         2
 Magic Dart               Conj           4%         1d3       22%         1
 Spider Form              Tmut/Pois      7%         N/A       28%         3
 Searing Ray              Conj           2%         2d4       34%         2
 Ice Form                 Ice/Tmut       5%         N/A       80%         4
 Fulminant Prism          Conj/Hex       0%         3d6       92%         4


Dungeon Overview and Level Annotations

Branches:
Dungeon (2/15)


Innate Abilities, Weirdness & Mutations

You have temporarily grown beastly horns and talons.
You have an increased reservoir of magic. (+10% MP)
You shall have no god before yourself.
Your divine heritage dramatically boosts your attributes as you level up.


Message History

The bat moves out of view.
A bat is nearby!
A bat is nearby!
The bat misses you.
You barely miss the bat. You punch the bat.
You kill the bat!
No target in view!
You see here a bat corpse.
A ball python comes into view.
A ball python is nearby!
A ball python is nearby!
A worm comes into view.
The ball python closely misses you. The ball python barely misses you.
You hit the ball python.
You kill the ball python!
You hit the worm but do no damage. The worm bites you!
Ouch! That really hurt!
You hit the worm.
The worm is moderately wounded.
Casting: Beastly Appendage (safe; 8% risk of failure)
Confirm with . or Enter, or press ? or * to list all spells.
You miscast Beastly Appendage.
You are very lightly contaminated with residual magic.
Nothing appears to happen.
The worm closely misses you.
Casting: Beastly Appendage (safe; 8% risk of failure)
Confirm with . or Enter, or press ? or * to list all spells.
You grow a pair of large bovine horns.
Your feet morph into talons.
You hit the worm but do no damage.
The worm is lightly wounded.
The worm barely misses you.
You barely miss the worm. You claw the worm. You headbutt the worm.
The worm is moderately wounded.
You hit the worm. Your headbutt misses the worm.
The worm is heavily wounded.
The worm bites you!
* * * LOW HITPOINT WARNING * * *
You hit the worm. You headbutt the worm. Your punch misses the worm.
The worm is severely wounded.
The worm bites you.
You die...

.# #.
### ..
..##.
....
#..#
##..#
#.w@##
#.#..#
#.
##†# #
#.##
#..#
##.##
#..##
##..##
##..#


You could see a worm.

Vanquished Creatures
  A dart slug (D:1)
  An endoplasm (D:1)
  2 giant cockroaches (D:1)
  4 goblins
  2 hobgoblins (D:1)
  2 jackals (D:1)
  A kobold (D:2)
  A quokka (D:1)
  3 ball pythons
  4 bats
  3 frilled lizards (D:1)
  2 rats (D:1)
26 creatures vanquished.

Notes
Turn   | Place    | Note
-------+----------+-------------------------------------------
     0 | D:1      | KennySheep the Demigod Transmuter began the quest for the
                  | Orb.
     0 | D:1      | Reached XP level 1. HP: 15/15 MP: 5/5
   223 | D:1      | Reached skill level 1 in Poison Magic
   226 | D:1      | Reached XP level 2. HP: 18/22 MP: 5/7
   641 | D:2      | Slain by a worm

Illustrated notes

Levels and vault maps discovered:
D:1:      nagdon_arrival_double_spiral, layout_rooms
D:2:      layout_rooms, basic_altar

Skill      XL: |  1 |
---------------+----+-----
Transmutations | 2 |  2.5
Poison Magic   | 1 |  1.6
Fighting       | |  0.8
Dodging        | |  1.7
Unarmed Combat | |  2.6
Spellcasting   | |  1.7

Action                   || total
-------------------------++-------
Melee: Unarmed           ||    81
       Kick              ||     8
       Headbutt          ||     4
       Punch             ||     2
 Cast: Beastly Appendage ||     6
Armor: Robe              ||    24
Dodge: Dodged            ||    51

Table legend: (Time is in decaauts)
 A = Elapsed time spent in this place.
 B = Non-inter-level travel time spent in this place.
 C = Inter-level travel time spent in this place.
 D = Time resting spent in this place.
 E = Time spent auto-exploring this place.
 F = Levels seen in this place.
 G = Mean time per level.
                   A        B        C        D        E       F      G
               +--------+--------+--------+--------+--------+-----+--------+
         Total |    637 |    629 |      8 |     59 |    404 |   2 |  318.5 |
       Dungeon |    637 |    629 |      8 |     59 |    404 |   2 |  318.5 |
               +--------+--------+--------+--------+--------+-----+--------+

Top non-repeatable levels by time:
     D:1: 530 daAuts
     D:2: 106 daAuts
